Thrashers vs Penguins

Created - March 5 2008 at 19:18

Goals
1 2 3 T
Thrashers 3 1 0 4
Penguins 3 1 1 5
Shots
1 2 3 T
Thrashers 16 8 4 28
Penguins 11 9 15 35

Period #1

1. Thrashers , Michael Ryder 13 (Radek Martinek, Jay Mcclement) at 2:35
2. Penguins , Sidney Crosby 36 (Marian Hossa) at 3:11 (PP)
3. Penguins , Glen Wesley 2 (Evgeni Malkin, Mark Bell) at 4:58
4. Thrashers , Marc Savard 15 (Dan Boyle) at 12:33 (PP)
5. Thrashers , Brett Clark 8 (Joe Thornton, Eric Brewer) at 13:51 (PP)
6. Penguins , Sidney Crosby 37 (Marian Hossa, Bryan Mccabe) at 18:14

Penalties :
Tomas Holmstrom (ATL) for Holding Stick (Minor) at 3:07, Bryan Mccabe (PIT) for High sticking (Minor) at 6:56, Jarkko Ruutu (PIT) for Roughing (Minor) at 10:46, Marian Hossa (PIT) for Fighting (Major) at 11:43, Keith Tkachuk (ATL) for Fighting (Major) at 11:43, Mark Parrish (PIT) for Tripping (Minor) at 13:26, Keith Tkachuk (ATL) for Holding (Minor) at 19:29

Period #2

7. Penguins , Marian Hossa 28 (Scott Hannan, Bryan Mccabe) at 0:44 (PP)
8. Thrashers , Michael Ryder 14 (Brad Boyes, Mike Commodore) at 10:23

Penalties :
Kris Draper (PIT) for Holding Stick (Minor) at 8:13, Brooks Orpik (PIT) for Holding (Minor) at 10:33, Mike Commodore (ATL) for Attempt to injure (Major / Game Misconduct) at 14:53

Period #3

9. Penguins , Marian Hossa 29 (Scott Hannan, Ed Belfour) at 13:09 (PP)

Penalties :
Tomas Holmstrom (ATL) for Hooking (Minor) at 0:20, Brett Clark (ATL) for Tripping (Minor) at 2:27, Keith Tkachuk (ATL) for Goalie Interference (Minor) at 8:17, Michael Ryder (ATL) for High sticking (Minor) at 11:48, Brett Clark (ATL) for Tripping (Minor) at 13:33, Martin Lapointe (PIT) for Holding (Minor) at 16:56

Goalie Stats

Wade Dubielewicz (ATL), 8 saves from 12 shots - (0.667), 20:44 minutes
Henrik Lundqvist (ATL), 22 saves from 23 shots - (0.957), L, 49-17-4, 38:29 minutes
Ed Belfour (PIT), 24 saves from 28 shots - (0.857), W, 15-5-1, 60:00 minutes

Players Stats

Thrashers
Player Name              G  A  P  +/- PIM S  H  SB FO MP 
-----------------------------------------------------------
Alexander Frolov         0  0  0   0  0   1  1  0  2  15 
Barret Jackman           0  0  0   0  0   0  0  0  0  16 
Brad Boyes               0  1  1   2  0   3  1  0  0  14 
Brett Clark              1  0  1  -2  4   2  0  2  0  23 
Dan Boyle                0  1  1  -2  0   1  3  1  0  20 
David Backes             0  0  0   0  0   0  0  0  1  6  
Eric Brewer              0  1  1   0  0   2  0  0  0  12 
Jay Mcclement            0  1  1   2  0   0  0  0  24 19 
Joe Thornton             0  1  1  -2  0   3  0  0  30 19 
Keith Tkachuk            0  0  0  -2  9   4  1  1  1  16 
Marc Savard              1  0  1   0  0   1  1  1  37 24 
Martin Rucinsky          0  0  0   0  0   0  0  0  0  9  
Michael Ryder            2  0  2   2  2   3  0  1  0  13 
Mike Commodore           0  1  1   2  15  0  1  1  0  11 
Milan Michalek           0  0  0   0  0   6  2  0  4  25 
Radek Martinek           0  1  1   2  0   0  0  4  0  19 
Tomas Holmstrom          0  0  0  -2  4   1  2  0  1  18 
Wade Redden              0  0  0   0  0   1  0  3  0  23 
Penguins
Player Name              G  A  P  +/- PIM S  H  SB FO MP 
-----------------------------------------------------------
Brooks Orpik             0  0  0  -1  2   0  2  1  0  14 
Bryan Mccabe             0  2  2   1  2   2  5  2  0  25 
Christian Backman        0  0  0  -1  0   1  0  3  0  16 
Dallas Drake             0  0  0   0  0   0  0  0  0  6  
Dominic Moore            0  0  0  -1  0   1  0  0  0  15 
Evgeni Malkin            0  1  1   0  0   4  2  1  39 23 
Glen Wesley              1  0  1   0  0   3  0  3  0  22 
Jarkko Ruutu             0  0  0   0  2   2  0  0  8  6  
Jere Lehtinen            0  0  0   0  0   3  1  0  1  23 
Josef Melichar           0  0  0   0  0   3  0  0  0  23 
Kris Draper              0  0  0  -1  2   2  3  1  16 15 
Marian Hossa             2  2  4   1  5   6  2  0  11 20 
Mark Bell                0  1  1   0  0   0  1  0  1  17 
Mark Parrish             0  0  0  -1  2   0  0  0  0  14 
Martin Lapointe          0  0  0   0  2   0  2  0  1  5  
Scott Hannan             0  2  2   1  0   1  0  0  0  26 
Sidney Crosby            2  0  2   1  0   7  1  0  23 22 
Taylor Pyatt             0  0  0   1  0   0  0  0  0  16 

3 Stars

1 - Marian Hossa (PIT)
2 - Michael Ryder (ATL)
3 - Sidney Crosby (PIT)

Power Play

Thrashers - 2 on 6 Attempt(s) - 33.33%
Penguins - 3 on 8 Attempt(s) - 37.50%

Penalty Kill

Thrashers - 5 on 8 Attempt(s) - 62.50% - Score 0 goal in Penalty Kill
Penguins - 4 on 6 Attempt(s) - 66.67% - Score 0 goal in Penalty Kill

Game Notes

Keith Tkachuk beats up Marian Hossa at 11:43 of 1st period
Henrik Lundqvist enters game at 0:44 of 2nd period
Mike Commodore ejected from game at 14:53 of 2nd period

Finance

Level 1 -- Attendance: 5300 (100.00%) -- Ticket Income $492,900.00
Level 2 -- Attendance: 4753 (94.62%) -- Ticket Income $261,415.00
Level 3 -- Attendance: 1727 (86.35%) -- Ticket Income $56,991.00
Level 4 -- Attendance: 4000 (100.00%) -- Ticket Income $68,000.00
Luxury Box -- Attendance: 851 (85.10%) -- Ticket Income $157,435.00
Game was played at the Mellon Arena
Total Attendance: 16631 (96.01%)
Total Ticket Income: $1,091,595.00
Other Income: $156,414.30
Total Income: $1,248,008.00


Play by Play

Period #1

0:01 of 1st period - Marian Hossa wins face-off versus Marc Savard in neutral zone.
0:05 of 1st period - Shot by Marian Hossa.
0:05 of 1st period - Stopped by Wade Dubielewicz with a rebound.
0:09 of 1st period - Shot by Sidney Crosby.
0:09 of 1st period - Stopped by Wade Dubielewicz without a rebound.
0:10 of 1st period - Joe Thornton wins face-off versus Evgeni Malkin in Thrashers zone.
0:15 of 1st period - Shot by Keith Tkachuk.
0:15 of 1st period - Shot Misses the Net.
0:20 of 1st period - Off-side.
0:21 of 1st period - Sidney Crosby wins face-off versus Milan Michalek in neutral zone.
0:27 of 1st period - Icing by Barret Jackman.
0:28 of 1st period - Evgeni Malkin wins face-off versus Marc Savard in Thrashers zone.
0:31 of 1st period - Shot by Evgeni Malkin.
0:31 of 1st period - Stopped by Wade Dubielewicz without a rebound.
0:32 of 1st period - Joe Thornton wins face-off versus Sidney Crosby in Thrashers zone.
0:32 of 1st period - Joe Thornton is hit by Sidney Crosby.
0:45 of 1st period - Joe Thornton is hit by Bryan Mccabe.
0:49 of 1st period - Shot by Keith Tkachuk.
0:49 of 1st period - Shot Misses the Net.
1:03 of 1st period - Shot by Keith Tkachuk.
1:03 of 1st period - Shot Misses the Net.
1:07 of 1st period - Shot by Keith Tkachuk.
1:07 of 1st period - Shot Misses the Net.
1:09 of 1st period - Shot by Joe Thornton.
1:09 of 1st period - Deflect By Tomas Holmstrom.
1:09 of 1st period - Shot Misses the Net.
1:11 of 1st period - Shot by Dan Boyle.
1:11 of 1st period - Shot Misses the Net.
1:13 of 1st period - Shot by Joe Thornton.
1:13 of 1st period - Deflect By Keith Tkachuk.
1:13 of 1st period - Shot Misses the Net.
1:17 of 1st period - Shot by Keith Tkachuk.
1:17 of 1st period - Stopped by Ed Belfour without a rebound.
1:18 of 1st period - Marc Savard wins face-off versus Evgeni Malkin in Penguins zone.
2:25 of 1st period - Shot by Brad Boyes.
2:25 of 1st period - Stopped by Ed Belfour with a rebound.
2:27 of 1st period - Shot by Mike Commodore.
2:27 of 1st period - Shot Misses the Net.
2:35 of 1st period - Shot by Michael Ryder.
2:35 of 1st period - Goal by Michael Ryder - Thrashers : 1 - Penguins : 0.
2:36 of 1st period - Kris Draper wins face-off versus Joe Thornton in neutral zone.
2:36 of 1st period - Mark Parrish is hit by Keith Tkachuk and loses puck.
3:07 of 1st period - Minor Penalty to Tomas Holmstrom for Holding Stick.
3:08 of 1st period - Sidney Crosby wins face-off versus Jay Mcclement in neutral zone.
3:11 of 1st period - Shot by Sidney Crosby.
3:11 of 1st period - Goal by Sidney Crosby - Thrashers : 1 - Penguins : 1.
3:12 of 1st period - Sidney Crosby wins face-off versus Jay Mcclement in neutral zone.
4:37 of 1st period - Off-side.
4:38 of 1st period - Evgeni Malkin wins face-off versus Joe Thornton in neutral zone.
4:56 of 1st period - Shot by Evgeni Malkin.
4:56 of 1st period - Shot Misses the Net.
4:58 of 1st period - Shot by Glen Wesley.
4:58 of 1st period - Goal by Glen Wesley - Thrashers : 1 - Penguins : 2.
4:59 of 1st period - David Backes wins face-off versus Jarkko Ruutu in neutral zone.
5:18 of 1st period - Shot by Martin Lapointe.
5:18 of 1st period - Shot Blocked by Marc Savard.
5:20 of 1st period - Shot by Scott Hannan.
5:20 of 1st period - Shot Misses the Net.
5:24 of 1st period - Shot by Jarkko Ruutu.
5:24 of 1st period - Stopped by Wade Dubielewicz without a rebound.
5:25 of 1st period - Joe Thornton wins face-off versus Kris Draper in Thrashers zone.
6:20 of 1st period - Off-side.
6:21 of 1st period - Evgeni Malkin wins face-off versus Marc Savard in neutral zone.
6:33 of 1st period - Off-side.
6:34 of 1st period - Sidney Crosby wins face-off versus Jay Mcclement in neutral zone.
6:46 of 1st period - Brad Boyes is hit by Bryan Mccabe and loses puck.
6:54 of 1st period - Brad Boyes is hit by Bryan Mccabe and loses puck.
6:56 of 1st period - Minor Penalty to Bryan Mccabe for High sticking.
6:57 of 1st period - Marc Savard wins face-off versus Evgeni Malkin in Penguins zone.
7:34 of 1st period - Shot by Wade Redden.
7:34 of 1st period - Stopped by Ed Belfour without a rebound.
7:35 of 1st period - Marian Hossa wins face-off versus Joe Thornton in Penguins zone.
7:59 of 1st period - Icing by Joe Thornton.
8:00 of 1st period - Evgeni Malkin wins face-off versus Joe Thornton in Thrashers zone.
8:01 of 1st period - Shot by Jere Lehtinen.
8:01 of 1st period - Shot Misses the Net.
8:04 of 1st period - Icing by Joe Thornton.
8:05 of 1st period - Joe Thornton wins face-off versus Evgeni Malkin in Thrashers zone.
8:11 of 1st period - Icing by Brett Clark.
8:12 of 1st period - Joe Thornton wins face-off versus Marian Hossa in Thrashers zone.
8:17 of 1st period - Josef Melichar is hit by Tomas Holmstrom.
8:23 of 1st period - Shot by Tomas Holmstrom.
8:23 of 1st period - Shot Misses the Net.
8:45 of 1st period - Icing by Wade Redden.
8:46 of 1st period - Evgeni Malkin wins face-off versus Marc Savard in Thrashers zone.
8:46 of 1st period - Jere Lehtinen is hit by Dan Boyle and loses puck.
9:00 of 1st period - Icing by Radek Martinek.
9:01 of 1st period - Kris Draper wins face-off versus Jay Mcclement in Thrashers zone.
9:04 of 1st period - Shot by Christian Backman.
9:04 of 1st period - Shot Blocked by Michael Ryder.
9:26 of 1st period - Radek Martinek is hit by Kris Draper and loses puck.
10:11 of 1st period - Shot by Milan Michalek.
10:11 of 1st period - Stopped by Ed Belfour without a rebound.
10:12 of 1st period - Joe Thornton wins face-off versus Evgeni Malkin in Penguins zone.
10:15 of 1st period - Shot by Keith Tkachuk.
10:15 of 1st period - Stopped by Ed Belfour without a rebound.
10:16 of 1st period - Marc Savard wins face-off versus Evgeni Malkin in Penguins zone.
10:34 of 1st period - Shot by Jere Lehtinen.
10:34 of 1st period - Stopped by Wade Dubielewicz without a rebound.
10:35 of 1st period - Sidney Crosby wins face-off versus Joe Thornton in Thrashers zone.
10:44 of 1st period - Shot by Marian Hossa.
10:44 of 1st period - Stopped by Wade Dubielewicz without a rebound.
10:45 of 1st period - Marc Savard wins face-off versus Jarkko Ruutu in Thrashers zone.
10:45 of 1st period - Marc Savard is hit by Martin Lapointe.
10:46 of 1st period - Minor Penalty to Jarkko Ruutu for Roughing.
10:47 of 1st period - Joe Thornton wins face-off versus Marian Hossa in Thrashers zone.
11:02 of 1st period - Shot by Tomas Holmstrom.
11:02 of 1st period - Shot Misses the Net.
11:04 of 1st period - Shot by Joe Thornton.
11:04 of 1st period - Shot Misses the Net.
11:06 of 1st period - Shot by Tomas Holmstrom.
11:06 of 1st period - Shot Hit the Post.
11:08 of 1st period - Shot by Brett Clark.
11:08 of 1st period - Shot Blocked by Bryan Mccabe.
11:10 of 1st period - Shot by Keith Tkachuk.
11:10 of 1st period - Deflect By Tomas Holmstrom.
11:10 of 1st period - Shot Misses the Net.
11:12 of 1st period - Shot by Brett Clark.
11:12 of 1st period - Stopped by Ed Belfour without a rebound.
11:13 of 1st period - Evgeni Malkin wins face-off versus Marc Savard in Penguins zone.
11:40 of 1st period - Shot by Milan Michalek.
11:40 of 1st period - Stopped by Ed Belfour without a rebound.
11:41 of 1st period - Sidney Crosby wins face-off versus Joe Thornton in Penguins zone.
11:43 of 1st period - Keith Tkachuk beats up Marian Hossa.
11:43 of 1st period - Penalty to Marian Hossa for Fighting.
11:43 of 1st period - Penalty to Keith Tkachuk for Fighting.
11:44 of 1st period - Joe Thornton wins face-off versus Evgeni Malkin in neutral zone.
12:01 of 1st period - Shot by Joe Thornton.
12:01 of 1st period - Shot Misses the Net.
12:03 of 1st period - Shot by Joe Thornton.
12:03 of 1st period - Stopped by Ed Belfour without a rebound.
12:04 of 1st period - Marc Savard wins face-off versus Evgeni Malkin in Penguins zone.
12:33 of 1st period - Shot by Marc Savard.
12:33 of 1st period - Goal by Marc Savard - Thrashers : 2 - Penguins : 2.
12:34 of 1st period - Jay Mcclement wins face-off versus Kris Draper in neutral zone.
12:51 of 1st period - Shot by Michael Ryder.
12:51 of 1st period - Shot Misses the Net.
12:53 of 1st period - Shot by Jay Mcclement.
12:53 of 1st period - Shot Misses the Net.
12:55 of 1st period - Shot by Radek Martinek.
12:55 of 1st period - Shot Blocked by Kris Draper.
13:16 of 1st period - Michael Ryder is hit by Brooks Orpik and loses puck.
13:26 of 1st period - Minor Penalty to Mark Parrish for Tripping.
13:27 of 1st period - Joe Thornton wins face-off versus Evgeni Malkin in neutral zone.
13:51 of 1st period - Shot by Brett Clark.
13:51 of 1st period - Goal by Brett Clark - Thrashers : 3 - Penguins : 2.
13:52 of 1st period - Evgeni Malkin wins face-off versus Milan Michalek in neutral zone.
14:01 of 1st period - Scott Hannan is hit by Milan Michalek and loses puck.
14:18 of 1st period - Shot by Dan Boyle.
14:18 of 1st period - Shot Misses the Net.
14:22 of 1st period - Shot by Marc Savard.
14:22 of 1st period - Deflect By Milan Michalek.
14:22 of 1st period - Shot Misses the Net.
14:24 of 1st period - Shot by Alexander Frolov.
14:24 of 1st period - Shot Misses the Net.
14:47 of 1st period - Shot by Brett Clark.
14:47 of 1st period - Deflect By Joe Thornton.
14:47 of 1st period - Shot Blocked by Glen Wesley.
14:49 of 1st period - Shot by Eric Brewer.
14:49 of 1st period - Stopped by Ed Belfour without a rebound.
14:50 of 1st period - Joe Thornton wins face-off versus Evgeni Malkin in Penguins zone.
14:51 of 1st period - Shot by Brett Clark.
14:51 of 1st period - Shot Misses the Net.
15:13 of 1st period - Shot by Brett Clark.
15:13 of 1st period - Shot Misses the Net.
15:42 of 1st period - Off-side.
15:43 of 1st period - Jarkko Ruutu wins face-off versus Marc Savard in neutral zone.
16:09 of 1st period - Shot by Jarkko Ruutu.
16:09 of 1st period - Stopped by Wade Dubielewicz without a rebound.
16:10 of 1st period - Kris Draper wins face-off versus Jay Mcclement in Thrashers zone.
16:17 of 1st period - Shot by Kris Draper.
16:17 of 1st period - Shot Misses the Net.
17:10 of 1st period - Shot by Joe Thornton.
17:10 of 1st period - Stopped by Ed Belfour without a rebound.
17:11 of 1st period - Marc Savard wins face-off versus Evgeni Malkin in Penguins zone.
17:14 of 1st period - Shot by Milan Michalek.
17:14 of 1st period - Stopped by Ed Belfour with a rebound.
17:16 of 1st period - Shot by David Backes.
17:16 of 1st period - Shot Blocked by Glen Wesley.
17:20 of 1st period - Shot by David Backes.
17:20 of 1st period - Shot Misses the Net.
17:24 of 1st period - Shot by David Backes.
17:24 of 1st period - Shot Blocked by Glen Wesley.
17:26 of 1st period - Shot by Milan Michalek.
17:26 of 1st period - Stopped by Ed Belfour without a rebound.
17:27 of 1st period - Sidney Crosby wins face-off versus Joe Thornton in Penguins zone.
18:02 of 1st period - Shot by Dan Boyle.
18:02 of 1st period - Shot Misses the Net.
18:12 of 1st period - Shot by Marian Hossa.
18:12 of 1st period - Shot Blocked by Brett Clark.
18:14 of 1st period - Shot by Sidney Crosby.
18:14 of 1st period - Goal by Sidney Crosby - Thrashers : 3 - Penguins : 3.
18:15 of 1st period - Marc Savard wins face-off versus Evgeni Malkin in neutral zone.
18:26 of 1st period - Shot by Jere Lehtinen.
18:26 of 1st period - Stopped by Wade Dubielewicz with a rebound.
19:24 of 1st period - Shot by Brad Boyes.
19:24 of 1st period - Stopped by Ed Belfour without a rebound.
19:25 of 1st period - Jarkko Ruutu wins face-off versus Keith Tkachuk in Penguins zone.
19:29 of 1st period - Minor Penalty to Keith Tkachuk for Holding.
19:30 of 1st period - Marc Savard wins face-off versus Sidney Crosby in neutral zone.

Period #2

0:01 of 2nd period - Jay Mcclement wins face-off versus Sidney Crosby in neutral zone.
0:40 of 2nd period - Shot by Bryan Mccabe.
0:40 of 2nd period - Shot Blocked by Radek Martinek.
0:42 of 2nd period - Shot by Scott Hannan.
0:42 of 2nd period - Shot Misses the Net.
0:44 of 2nd period - Shot by Marian Hossa.
0:44 of 2nd period - Goal by Marian Hossa - Thrashers : 3 - Penguins : 4.
0:44 of 2nd period - Henrik Lundqvist enters game.
0:45 of 2nd period - Joe Thornton wins face-off versus Jere Lehtinen in neutral zone.
0:50 of 2nd period - Shot by Keith Tkachuk.
0:50 of 2nd period - Shot Misses the Net.
1:04 of 2nd period - Shot by Evgeni Malkin.
1:04 of 2nd period - Shot Blocked by Brett Clark.
1:06 of 2nd period - Shot by Josef Melichar.
1:06 of 2nd period - Stopped by Henrik Lundqvist without a rebound.
1:07 of 2nd period - Kris Draper wins face-off versus Marc Savard in Thrashers zone.
1:32 of 2nd period - Shot by Dominic Moore.
1:32 of 2nd period - Shot Misses the Net.
1:44 of 2nd period - Shot by Milan Michalek.
1:44 of 2nd period - Shot Blocked by Christian Backman.
1:46 of 2nd period - Shot by Milan Michalek.
1:46 of 2nd period - Shot Misses the Net.
1:49 of 2nd period - David Backes is hit by Brooks Orpik and loses puck.
1:57 of 2nd period - Icing by Christian Backman.
1:58 of 2nd period - Joe Thornton wins face-off versus Kris Draper in Penguins zone.
2:02 of 2nd period - Icing by Christian Backman.
2:03 of 2nd period - Jay Mcclement wins face-off versus Kris Draper in Penguins zone.
2:06 of 2nd period - Shot by Michael Ryder.
2:06 of 2nd period - Stopped by Ed Belfour without a rebound.
2:07 of 2nd period - Joe Thornton wins face-off versus Sidney Crosby in Penguins zone.
2:13 of 2nd period - Bryan Mccabe is hit by Dan Boyle and loses puck.
2:20 of 2nd period - Shot by Sidney Crosby.
2:20 of 2nd period - Stopped by Henrik Lundqvist without a rebound.
2:21 of 2nd period - Jay Mcclement wins face-off versus Evgeni Malkin in Thrashers zone.
2:21 of 2nd period - Jay Mcclement is hit by Evgeni Malkin.
2:35 of 2nd period - Icing by Jay Mcclement.
2:36 of 2nd period - Sidney Crosby wins face-off versus Jay Mcclement in Thrashers zone.
2:45 of 2nd period - Shot by Sidney Crosby.
2:45 of 2nd period - Shot Blocked by Mike Commodore.
2:51 of 2nd period - Shot by Marian Hossa.
2:51 of 2nd period - Shot Blocked by Radek Martinek.
3:06 of 2nd period - Shot by Marian Hossa.
3:06 of 2nd period - Stopped by Henrik Lundqvist without a rebound.
3:07 of 2nd period - Joe Thornton wins face-off versus Evgeni Malkin in Thrashers zone.
3:07 of 2nd period - Joe Thornton is hit by Evgeni Malkin.
3:10 of 2nd period - Icing by Brett Clark.
3:11 of 2nd period - Mark Bell wins face-off versus Tomas Holmstrom in Thrashers zone.
3:18 of 2nd period - Shot by Evgeni Malkin.
3:18 of 2nd period - Shot Blocked by Keith Tkachuk.
3:24 of 2nd period - Shot by Evgeni Malkin.
3:24 of 2nd period - Shot Misses the Net.
3:26 of 2nd period - Shot by Glen Wesley.
3:26 of 2nd period - Stopped by Henrik Lundqvist without a rebound.
3:27 of 2nd period - Marc Savard wins face-off versus Kris Draper in Thrashers zone.
4:27 of 2nd period - Joe Thornton is hit by Kris Draper and loses puck.
5:48 of 2nd period - Shot by Evgeni Malkin.
5:48 of 2nd period - Stopped by Henrik Lundqvist without a rebound.
5:49 of 2nd period - Jay Mcclement wins face-off versus Jarkko Ruutu in Thrashers zone.
6:21 of 2nd period - Brad Boyes is hit by Bryan Mccabe and loses puck.
6:27 of 2nd period - Icing by Scott Hannan.
6:28 of 2nd period - Marc Savard wins face-off versus Jarkko Ruutu in Penguins zone.
6:36 of 2nd period - Marc Savard is hit by Bryan Mccabe and loses puck.
7:19 of 2nd period - Icing by Evgeni Malkin.
7:20 of 2nd period - Jay Mcclement wins face-off versus Evgeni Malkin in Penguins zone.
7:24 of 2nd period - Icing by Josef Melichar.
7:25 of 2nd period - Evgeni Malkin wins face-off versus Jay Mcclement in Penguins zone.
7:46 of 2nd period - Icing by Jay Mcclement.
7:47 of 2nd period - Kris Draper wins face-off versus Jay Mcclement in Thrashers zone.
8:13 of 2nd period - Minor Penalty to Kris Draper for Holding Stick.
8:14 of 2nd period - Marian Hossa wins face-off versus Joe Thornton in Thrashers zone.
8:36 of 2nd period - Shot by Brett Clark.
8:36 of 2nd period - Shot Misses the Net.
9:00 of 2nd period - Shot by Tomas Holmstrom.
9:00 of 2nd period - Stopped by Ed Belfour with a rebound.
9:29 of 2nd period - Icing by Milan Michalek.
9:30 of 2nd period - Evgeni Malkin wins face-off versus Marc Savard in Thrashers zone.
9:31 of 2nd period - Shot by Jere Lehtinen.
9:31 of 2nd period - Shot Misses the Net.
9:35 of 2nd period - Shot by Evgeni Malkin.
9:35 of 2nd period - Deflect By Jere Lehtinen.
9:35 of 2nd period - Shot Misses the Net.
9:39 of 2nd period - Shot by Evgeni Malkin.
9:39 of 2nd period - Stopped by Henrik Lundqvist without a rebound.
9:40 of 2nd period - Joe Thornton wins face-off versus Marian Hossa in Thrashers zone.
9:47 of 2nd period - Shot by Keith Tkachuk.
9:47 of 2nd period - Stopped by Ed Belfour without a rebound.
9:48 of 2nd period - Marian Hossa wins face-off versus Marc Savard in Penguins zone.
10:21 of 2nd period - Shot by Michael Ryder.
10:21 of 2nd period - Shot Misses the Net.
10:23 of 2nd period - Shot by Brad Boyes.
10:23 of 2nd period - Deflect By Michael Ryder.
10:23 of 2nd period - Goal by Michael Ryder - Thrashers : 4 - Penguins : 4.
10:24 of 2nd period - Kris Draper wins face-off versus Jay Mcclement in neutral zone.
10:33 of 2nd period - Minor Penalty to Brooks Orpik for Holding.
10:34 of 2nd period - Evgeni Malkin wins face-off versus Joe Thornton in Penguins zone.
10:53 of 2nd period - Shot by Keith Tkachuk.
10:53 of 2nd period - Stopped by Ed Belfour without a rebound.
10:54 of 2nd period - Marian Hossa wins face-off versus Alexander Frolov in Penguins zone.
10:56 of 2nd period - Sidney Crosby is hit by Alexander Frolov and loses puck.
11:15 of 2nd period - Jere Lehtinen is hit by Milan Michalek and loses puck.
11:52 of 2nd period - Shot by Keith Tkachuk.
11:52 of 2nd period - Shot Blocked by Evgeni Malkin.
12:20 of 2nd period - Shot by Joe Thornton.
12:20 of 2nd period - Stopped by Ed Belfour without a rebound.
12:21 of 2nd period - Marian Hossa wins face-off versus Alexander Frolov in Penguins zone.
12:32 of 2nd period - Marian Hossa is hit by Marc Savard and loses puck.
13:00 of 2nd period - Icing by Radek Martinek.
13:01 of 2nd period - Jay Mcclement wins face-off versus Sidney Crosby in Thrashers zone.
13:22 of 2nd period - Shot by Scott Hannan.
13:22 of 2nd period - Stopped by Henrik Lundqvist without a rebound.
13:23 of 2nd period - Kris Draper wins face-off versus Joe Thornton in Thrashers zone.
13:42 of 2nd period - Off-side.
13:43 of 2nd period - Marc Savard wins face-off versus Evgeni Malkin in neutral zone.
14:10 of 2nd period - Shot by Marc Savard.
14:10 of 2nd period - Shot Misses the Net.
14:24 of 2nd period - Shot by Milan Michalek.
14:24 of 2nd period - Stopped by Ed Belfour with a rebound.
14:36 of 2nd period - Shot by Dan Boyle.
14:36 of 2nd period - Stopped by Ed Belfour without a rebound.
14:37 of 2nd period - Jay Mcclement wins face-off versus Marian Hossa in Penguins zone.
14:38 of 2nd period - Shot by Brad Boyes.
14:38 of 2nd period - Shot Misses the Net.
14:47 of 2nd period - Marian Hossa is hit by Mike Commodore and loses puck.
14:53 of 2nd period - Major / Game Misconduct Penalty to Mike Commodore for Attempt to injure.
14:53 of 2nd period - Mike Commodore is ejected from game.
14:54 of 2nd period - Marc Savard wins face-off versus Sidney Crosby in Thrashers zone.
15:14 of 2nd period - Icing by Sidney Crosby.
15:15 of 2nd period - Marc Savard wins face-off versus Sidney Crosby in Penguins zone.
16:32 of 2nd period - Icing by Scott Hannan.
16:33 of 2nd period - Sidney Crosby wins face-off versus Jay Mcclement in Penguins zone.
17:21 of 2nd period - Shot by Jere Lehtinen.
17:21 of 2nd period - Deflect By Evgeni Malkin.
17:21 of 2nd period - Shot Blocked by Wade Redden.
18:24 of 2nd period - Shot by Christian Backman.
18:24 of 2nd period - Stopped by Henrik Lundqvist without a rebound.
18:25 of 2nd period - Evgeni Malkin wins face-off versus Milan Michalek in Thrashers zone.
19:54 of 2nd period - Icing by Kris Draper.
19:55 of 2nd period - Kris Draper wins face-off versus Marc Savard in Penguins zone.

Period #3

0:01 of 3rd period - Marc Savard wins face-off versus Sidney Crosby in neutral zone.
0:01 of 3rd period - Wade Redden is hit by Marian Hossa and loses puck.
0:14 of 3rd period - Shot by Milan Michalek.
0:14 of 3rd period - Stopped by Ed Belfour without a rebound.
0:15 of 3rd period - Evgeni Malkin wins face-off versus Joe Thornton in Penguins zone.
0:15 of 3rd period - Evgeni Malkin is hit by Tomas Holmstrom.
0:20 of 3rd period - Minor Penalty to Tomas Holmstrom for Hooking.
0:21 of 3rd period - Evgeni Malkin wins face-off versus Marc Savard in Penguins zone.
0:29 of 3rd period - Icing by Evgeni Malkin.
0:30 of 3rd period - Milan Michalek wins face-off versus Evgeni Malkin in Penguins zone.
0:43 of 3rd period - Shot by Evgeni Malkin.
0:43 of 3rd period - Shot Misses the Net.
0:45 of 3rd period - Shot by Jere Lehtinen.
0:45 of 3rd period - Shot Blocked by Radek Martinek.
0:47 of 3rd period - Shot by Glen Wesley.
0:47 of 3rd period - Shot Blocked by Radek Martinek.
0:49 of 3rd period - Shot by Glen Wesley.
0:49 of 3rd period - Stopped by Henrik Lundqvist with a rebound.
0:51 of 3rd period - Shot by Josef Melichar.
0:51 of 3rd period - Stopped by Henrik Lundqvist without a rebound.
0:52 of 3rd period - Sidney Crosby wins face-off versus Marc Savard in Thrashers zone.
1:24 of 3rd period - Shot by Marian Hossa.
1:24 of 3rd period - Deflect By Sidney Crosby.
1:24 of 3rd period - Stopped by Henrik Lundqvist without a rebound.
1:25 of 3rd period - Marc Savard wins face-off versus Evgeni Malkin in Thrashers zone.
1:56 of 3rd period - Shot by Glen Wesley.
1:56 of 3rd period - Shot Blocked by Wade Redden.
1:58 of 3rd period - Shot by Jere Lehtinen.
1:58 of 3rd period - Stopped by Henrik Lundqvist without a rebound.
1:59 of 3rd period - Jay Mcclement wins face-off versus Sidney Crosby in Thrashers zone.
1:59 of 3rd period - Jay Mcclement is hit by Marian Hossa.
2:27 of 3rd period - Minor Penalty to Brett Clark for Tripping.
2:28 of 3rd period - Evgeni Malkin wins face-off versus Jay Mcclement in Thrashers zone.
3:23 of 3rd period - Shot by Marian Hossa.
3:23 of 3rd period - Deflect By Sidney Crosby.
3:23 of 3rd period - Stopped by Henrik Lundqvist without a rebound.
3:24 of 3rd period - Marc Savard wins face-off versus Sidney Crosby in Thrashers zone.
3:37 of 3rd period - Shot by Bryan Mccabe.
3:37 of 3rd period - Stopped by Henrik Lundqvist without a rebound.
3:38 of 3rd period - Evgeni Malkin wins face-off versus Jay Mcclement in Thrashers zone.
4:31 of 3rd period - Shot by Kris Draper.
4:31 of 3rd period - Stopped by Henrik Lundqvist without a rebound.
4:32 of 3rd period - Kris Draper wins face-off versus Joe Thornton in Thrashers zone.
5:30 of 3rd period - Eric Brewer is hit by Kris Draper and loses puck.
5:34 of 3rd period - Icing by David Backes.
5:35 of 3rd period - Marc Savard wins face-off versus Sidney Crosby in Thrashers zone.
5:48 of 3rd period - Shot by Sidney Crosby.
5:48 of 3rd period - Shot Misses the Net.
6:07 of 3rd period - Icing by Eric Brewer.
6:08 of 3rd period - Marc Savard wins face-off versus Evgeni Malkin in Thrashers zone.
6:24 of 3rd period - Shot by Jere Lehtinen.
6:24 of 3rd period - Shot Misses the Net.
6:26 of 3rd period - Shot by Mark Bell.
6:26 of 3rd period - Shot Misses the Net.
6:28 of 3rd period - Shot by Josef Melichar.
6:28 of 3rd period - Shot Misses the Net.
7:28 of 3rd period - Shot by Michael Ryder.
7:28 of 3rd period - Shot Misses the Net.
7:34 of 3rd period - Shot by Bryan Mccabe.
7:34 of 3rd period - Shot Misses the Net.
7:53 of 3rd period - Radek Martinek is hit by Martin Lapointe and loses puck.
8:08 of 3rd period - Shot by Dominic Moore.
8:08 of 3rd period - Stopped by Henrik Lundqvist without a rebound.
8:09 of 3rd period - Kris Draper wins face-off versus Joe Thornton in Thrashers zone.
8:13 of 3rd period - Kris Draper is hit by Dan Boyle and loses puck.
8:17 of 3rd period - Minor Penalty to Keith Tkachuk for Goalie Interference.
8:18 of 3rd period - Sidney Crosby wins face-off versus Marc Savard in neutral zone.
8:33 of 3rd period - Shot by Bryan Mccabe.
8:33 of 3rd period - Stopped by Henrik Lundqvist without a rebound.
8:34 of 3rd period - Marc Savard wins face-off versus Evgeni Malkin in Thrashers zone.
8:34 of 3rd period - Marc Savard is hit by Jere Lehtinen.
8:52 of 3rd period - Shot by Evgeni Malkin.
8:52 of 3rd period - Shot Misses the Net.
9:53 of 3rd period - Shot by Bryan Mccabe.
9:53 of 3rd period - Shot Blocked by Dan Boyle.
10:45 of 3rd period - Shot by Dan Boyle.
10:45 of 3rd period - Shot Blocked by Christian Backman.
11:15 of 3rd period - Joe Thornton is hit by Mark Bell and loses puck.
11:20 of 3rd period - Shot by Evgeni Malkin.
11:20 of 3rd period - Shot Misses the Net.
11:22 of 3rd period - Shot by Josef Melichar.
11:22 of 3rd period - Stopped by Henrik Lundqvist with a rebound.
11:26 of 3rd period - Shot by Evgeni Malkin.
11:26 of 3rd period - Stopped by Henrik Lundqvist without a rebound.
11:27 of 3rd period - Marc Savard wins face-off versus Martin Lapointe in Thrashers zone.
11:36 of 3rd period - Shot by Wade Redden.
11:36 of 3rd period - Shot Blocked by Bryan Mccabe.
11:40 of 3rd period - Shot by Milan Michalek.
11:40 of 3rd period - Shot Misses the Net.
11:42 of 3rd period - Shot by Eric Brewer.
11:42 of 3rd period - Stopped by Ed Belfour without a rebound.
11:43 of 3rd period - Evgeni Malkin wins face-off versus Jay Mcclement in Penguins zone.
11:47 of 3rd period - Glen Wesley is hit by Brad Boyes and loses puck.
11:48 of 3rd period - Minor Penalty to Michael Ryder for High sticking.
11:49 of 3rd period - Evgeni Malkin wins face-off versus Jay Mcclement in neutral zone.
12:03 of 3rd period - Shot by Mark Bell.
12:03 of 3rd period - Shot Misses the Net.
13:09 of 3rd period - Shot by Marian Hossa.
13:09 of 3rd period - Goal by Marian Hossa - Thrashers : 4 - Penguins : 5.
13:10 of 3rd period - Kris Draper wins face-off versus Jay Mcclement in neutral zone.
13:13 of 3rd period - Shot by Christian Backman.
13:13 of 3rd period - Shot Misses the Net.
13:15 of 3rd period - Shot by Kris Draper.
13:15 of 3rd period - Shot Blocked by Wade Redden.
13:19 of 3rd period - Shot by Dominic Moore.
13:19 of 3rd period - Deflect By Kris Draper.
13:19 of 3rd period - Stopped by Henrik Lundqvist without a rebound.
13:20 of 3rd period - Joe Thornton wins face-off versus Jarkko Ruutu in Thrashers zone.
13:33 of 3rd period - Minor Penalty to Brett Clark for Tripping.
13:34 of 3rd period - Marc Savard wins face-off versus Sidney Crosby in Thrashers zone.
14:09 of 3rd period - Shot by Marian Hossa.
14:09 of 3rd period - Deflect By Sidney Crosby.
14:09 of 3rd period - Stopped by Henrik Lundqvist with a rebound.
14:11 of 3rd period - Shot by Marian Hossa.
14:11 of 3rd period - Stopped by Henrik Lundqvist without a rebound.
14:12 of 3rd period - Evgeni Malkin wins face-off versus Marc Savard in Thrashers zone.
15:46 of 3rd period - Shot by Dan Boyle.
15:46 of 3rd period - Shot Blocked by Brooks Orpik.
16:56 of 3rd period - Minor Penalty to Martin Lapointe for Holding.
16:57 of 3rd period - Marc Savard wins face-off versus Evgeni Malkin in Thrashers zone.
17:16 of 3rd period - Shot by Dan Boyle.
17:16 of 3rd period - Shot Misses the Net.
18:31 of 3rd period - Shot by Michael Ryder.
18:31 of 3rd period - Deflect By Alexander Frolov.
18:31 of 3rd period - Stopped by Ed Belfour without a rebound.
18:32 of 3rd period - Marian Hossa wins face-off versus Joe Thornton in Penguins zone.
19:13 of 3rd period - Thrashers, Henrik Lundqvist is pulled from the net.
19:15 of 3rd period - Shot by Jay Mcclement.
19:15 of 3rd period - Shot Blocked by Christian Backman.
19:17 of 3rd period - Shot by Michael Ryder.
19:17 of 3rd period - Deflect By Brad Boyes.
19:17 of 3rd period - Stopped by Ed Belfour without a rebound.
19:18 of 3rd period - Jarkko Ruutu wins face-off versus Marc Savard in Penguins zone.


Output by the SimonT Hockey Simulator (STHS) for Stephane Roy -- Original Page W3C XHTML 1.0 Valid